 Dungeon Crawl Stone Soup version 0.25-a0-246-g58704a1 (webtiles) character file.

Game seed: 12704298878896249857, levelgen mode: deterministic

639695 Blackhawk the Conqueror (level 27, -16/245 HPs)
             Began as a Minotaur Fighter on Dec 3, 2019.
             Was the Champion of Okawaru.
             Demolished by a shard shrike (40 damage)
             ... on level 5 of the Realm of Zot.
             The game lasted 02:20:59 (64079 turns).

Blackhawk the Conqueror (Minotaur Fighter)         Turns: 64079, Time: 02:21:00

Health: -16/245    AC: 38    Str: 35      XL:     27
Magic:  32/32      EV: 26    Int:  4      God:    Okawaru [******]
Gold:   7556       SH: 37    Dex: 18 (19) Spells: 26/26 levels left

rFire    + + +     SeeInvis .   a - +9 broad axe (vamp)
rCold    . . .     Gourm    .   t - +6 large shield {rF+}
rNeg     + . .     Faith    .   D - +10 plate armour "Xeri" {Int-2 Dex+4}
rPois    +         Spirit   .   K - -2 hat of the Alchemist {rElec rPois rF+ rC+ rN+ MR+ rMut rCorr}
rElec    +         Reflect  +   C - +0 cloak {+Inv}
rCorr    +         Harm     .   q - +0 pair of fencer's gloves {Riposte Dex+3}
rMut     +                      z - +2 pair of boots {Fly}
MR       +++++                  H - +3 amulet of reflection
Stlth    ..........             F - ring "Aruduis" {+Inv MR+ MP+9 Slay+2 Stlth-}
HPRegen  0.50/turn              Q - ring of Arrival {Fire MR+ Str+4}
MPRegen  0.23/turn

@: flying, studying Crossbows
A: retaliatory headbutt, horns 2, blurry vision 1, frail 1, low mp 1, mutation
resistance 1, MP-powered wands
}: 3/15 runes: serpentine, barnacled, silver
a: Heroism, Finesse, Renounce Religion, Evoke Invisibility, Stop Flying


You were on level 5 of the Realm of Zot.
You worshipped Okawaru.
Okawaru was exalted by your worship.
You were hungry.

You visited 10 branches of the dungeon, and saw 50 of its levels.
You visited 1 bazaar.
You also visited: Gauntlet and Ice Cave.

You collected 8572 gold pieces.
You spent 1016 gold pieces at shops.

Inventory:

Hand Weapons
 a - a +9 vampiric broad axe (weapon)
 b - the +6 arbalest "Damnation" {damnation}
   (You found it on level 5 of the Vaults)
 l - the +8 mithril axe "Arga" {speed, MR+}
   (You took it off a deep elf archer on level 3 of the Elven Halls)

   Attacks with this weapon are significantly faster.
   It affects your resistance to hostile enchantments.
Missiles
 i - 70 javelins
 n - 12 throwing nets (quivered)
 R - 410 bolts
Armour
 q - the +0 pair of fencer's gloves (worn) {Riposte Dex+3}
   (You bought it in a shop in a bazaar)

   It affects your dexterity (+3).
 t - a +6 large shield of fire resistance (worn)
 z - a +2 pair of boots of flying (worn)
 C - a +0 cloak of invisibility (worn)
 D - the +10 plate armour "Xeri" (worn) {Int-2 Dex+4}
   (You found it on level 5 of the Vaults)

   It affects your intelligence (-2).
   It affects your dexterity (+4).
 K - the -2 hat of the Alchemist (worn) {rElec rPois rF+ rC+ rN+ MR+ rMut rCorr}
   (You found it on level 4 of the Shoals)

   It protects you from fire.
   It protects you from cold.
   It insulates you from electricity.
   It protects you from poison.
   It protects you from negative energy.
   It affects your resistance to hostile enchantments.
   It provides partial protection from all sources of acid and corrosion.
   It protects you from mutation.
Jewellery
 s - an uncursed ring of see invisible
 F - the ring "Aruduis" (left hand) {+Inv MR+ MP+9 Slay+2 Stlth-}
   (You found it on level 2 of the Vaults)

   [ring of magical power]

   It affects your accuracy and damage with ranged weapons and melee attacks
   (+2).
   It affects your resistance to hostile enchantments.
   It affects your magic capacity (+9).
   It lets you turn invisible.
   It makes you less stealthy.
 H - a +3 amulet of reflection (around neck)
 Q - the ring of Arrival (right hand) {Fire MR+ Str+4}
   (You found it on level 4 of the Snake Pit)

   [ring of fire]

   It enhances your fire magic.
   It affects your strength (+4).
   It protects you from fire.
   It makes you vulnerable to cold.
   It affects your resistance to hostile enchantments.
Wands
 c - a wand of digging (17)
 m - a wand of iceblast (19)
 B - a wand of paralysis (31)
 X - a wand of disintegration (18)
Scrolls
 e - 40 scrolls of remove curse
 h - 3 scrolls of holy word
 j - 8 scrolls of fear
 k - 23 scrolls of teleportation
 r - a scroll of brand weapon
 w - a scroll of summoning
 A - 8 scrolls of fog
 E - 10 scrolls of blinking
 L - 3 scrolls of magic mapping
 O - 6 scrolls of identify
 P - a scroll of enchant weapon
 T - 2 scrolls of silence
Potions
 d - 10 potions of might
 g - 9 potions of invisibility
 o - 24 potions of curing
 p - 12 potions of heal wounds
 u - 5 potions of flight
 v - 2 potions of resistance
 G - 2 potions of cancellation
 I - 3 potions of agility
 J - 2 potions of ambrosia
 M - 9 potions of haste
 N - 4 potions of berserk rage
 U - a potion of brilliance
 Z - 6 potions of mutation
Books
 Y - a manual of Crossbows
Miscellaneous
 x - 3 phantom mirrors
 S - 4 boxes of beasts
 V - a fan of gales
 W - 5 sacks of spiders
Comestibles
 f - 84 rations


   Skills:
 O Level 27 Fighting
 - Level 18.0 Axes
 - Level 1.1 Crossbows
 O Level 27 Armour
 + Level 23.5 Dodging
 - Level 25.0 Shields
 - Level 6.0 Invocations
 - Level 6.0 Evocations


You had 26 spell levels left.
You didn't know any spells.
Your spell library contained the following spells:

 Spells                   Type           Power        Failure   Level  Hunger
 Animate Skeleton         Necr           N/A          80%         1    ##.....
 Confusing Touch          Hex            #.....       80%         1    ##.....
 Corona                   Hex            #......      80%         1    ##.....
 Foxfire                  Conj/Fire      #...         80%         1    ##.....
 Freeze                   Ice            #...         80%         1    ##.....
 Magic Dart               Conj           #...         80%         1    ##.....
 Pain                     Necr           #...         80%         1    ##.....
 Sandblast                Erth           #.....       80%         1    ##.....
 Shock                    Conj/Air       #...         80%         1    ##.....
 Sting                    Tmut/Pois      #...         80%         1    ##.....
 Summon Butterflies       Summ           #.......     80%         1    ##.....
 Summon Small Mammal      Summ           #...         80%         1    ##.....
 Blink                    Tloc           N/A          90%         2    ###....
 Call Imp                 Summ           #.......     90%         2    ###....
 Corpse Rot               Necr/Air       N/A          90%         2    ###....
 Ensorcelled Hibernation  Hex/Ice        #.....       90%         2    ###....
 Passwall                 Tmut/Erth      #.......     90%         2    ###....
 Poisonous Vapours        Pois/Air       #.....       90%         2    ###....
 Slow                     Hex            #.......     90%         2    ###....
 Sublimation of Blood     Necr           #.........   90%         2    ###....
 Swiftness                Chrm/Air       #.......     90%         2    ###....
 Call Canine Familiar     Summ           #.......     99%         3    ####...
 Confuse                  Hex            #.......     99%         3    ####...
 Conjure Flame            Conj/Fire      #.......     99%         3    ####...
 Dazzling Flash           Conj/Hex       #.....       99%         3    ####...
 Gell's Gravitas          Tloc           #.........   99%         3    ####...
 Ignite Poison            Fire/Tmut/Pois #.......     99%         3    ####...
 Inner Flame              Hex/Fire       #.......     99%         3    ####...
 Mephitic Cloud           Conj/Pois/Air  #.......     99%         3    ####...
 Ozocubu's Armour         Chrm/Ice       #.......     99%         3    ####...
 Portal Projectile        Hex/Tloc       #.....       99%         3    ####...
 Recall                   Summ/Tloc      N/A          99%         3    ####...
 Regeneration             Chrm/Necr      #.........   99%         3    ####...
 Static Discharge         Conj/Air       #.......     99%         3    ####...
 Stone Arrow              Conj/Erth      #.....       99%         3    ####...
 Summon Guardian Golem    Hex/Summ       #.......     99%         3    ####...
 Tukima's Dance           Hex            #.......     99%         3    ####...
 Vampiric Draining        Necr           #.........   99%         3    ####...
 Airstrike                Air            #.........   100%        4    #####..
 Animate Dead             Necr           N/A          100%        4    #####..
 Cause Fear               Hex            #.........   100%        4    #####..
 Hailstorm                Conj/Ice       #.......     100%        4    #####..
 Leda's Liquefaction      Hex/Erth       #.........   100%        4    #####..
 Olgreb's Toxic Radiance  Pois           #.......     100%        4    #####..
 Petrify                  Tmut/Erth      #.......     100%        4    #####..
 Summon Ice Beast         Ice/Summ       #.......     100%        4    #####..
 Summon Lightning Spire   Summ/Air       #.......     100%        4    #####..
 Agony                    Necr           #.......     100%        5    ######.
 Alistair's Intoxication  Tmut/Pois      #.......     100%        5    ######.
 Aura of Abjuration       Summ           #.........   100%        5    ######.
 Bolt of Magma            Conj/Fire/Erth #.........   100%        5    ######.
 Borgnjor's Vile Clutch   Necr/Erth      #.........   100%        5    ######.
 Dispel Undead            Necr           #.......     100%        5    ######.
 Excruciating Wounds      Chrm/Necr      #.........   100%        5    ######.
 Irradiate                Conj/Tmut      #.........   100%        5    ######.
 Iskenderun's Battlesphe  Conj/Chrm      #.......     100%        5    ######.
 Lee's Rapid Deconstruct  Erth           #.........   100%        5    ######.
 Lightning Bolt           Conj/Air       #.........   100%        5    ######.
 Metabolic Englaciation   Hex/Ice        #.........   100%        5    ######.
 Silence                  Hex/Air        #.........   100%        5    ######.
 Summon Demon             Summ           #.........   100%        5    ######.
 Summon Forest            Summ/Tloc      #.........   100%        5    ######.
 Summon Mana Viper        Hex/Summ       #.......     100%        5    ######.
 Yara's Violent Unravell  Hex/Tmut       #.........   100%        5    ######.
 Darkness                 Hex            #.........   100%        6    #######
 Death Channel            Necr           #.........   100%        6    #######
 Deflect Missiles         Chrm/Air       #.........   100%        6    #######
 Eringya's Noxious Bog    Tmut/Pois      #.........   100%        6    #######
 Hydra Form               Tmut           #.........   100%        6    #######
 Iron Shot                Conj/Erth      #.........   100%        6    #######
 Ozocubu's Refrigeration  Ice            #.........   100%        6    #######
 Shadow Creatures         Summ           N/A          100%        6    #######
 Simulacrum               Ice/Necr       #.........   100%        6    #######
 Statue Form              Tmut/Erth      #........    100%        6    #######
 Dragon Form              Tmut           #.........   100%        7    #######
 Orb of Destruction       Conj           #.........   100%        7    #######
 Spellforged Servitor     Conj/Summ      #.........   100%        7    #######
 Summon Hydra             Summ           #.........   100%        7    #######
 Chain Lightning          Conj/Air       #.........   100%        8    #######
 Discord                  Hex            #.........   100%        8    #######
 Ignition                 Fire           #.........   100%        8    #######
 Lehudib's Crystal Spear  Conj/Erth      #.........   100%        8    #######
 Fire Storm               Conj/Fire      #.........   100%        9    #######
 Glaciate                 Conj/Ice       #.........   100%        9    #######
 Shatter                  Erth           #.........   100%        9    #######
 Tornado                  Air            #.........   100%        9    #######


Dungeon Overview and Level Annotations

Branches:
Dungeon (15/15)            Temple (1/1) D:7            Lair (6/6) D:9
 Shoals (4/4) Lair:3        Snake (4/4) Lair:4        Slime (0/5) Lair:5
    Orc (2/2) D:10            Elf (3/3) Orc:2        Vaults (5/5) D:13
  Crypt (0/3) Vaults:3     Depths (5/5) D:15            Zot (5/5) Depths:5
  IceCv (visited)         Gauntlet (visited)

Altars:
Ashenzari
Cheibriados
Dithmenos
Elyvilon
Fedhas
Gozag
Kikubaaqudgha
Makhleb
Nemelex Xobeh
Okawaru
Qazlal
Ru
Sif Muna
Trog
Uskayaw
Vehumet
Wu Jian
Xom
Yredelemnul
Zin
The Shining One
Jiyva

Shops:
D:5 =   D:6 ((   D:9 ?   D:11 *   D:15 =   Orc:2 [[**   Elf:3 [((*(
Shoals:4 ?   Snake:2 *   Snake:3 :   Vaults:1 =   Vaults:3 %   Vaults:4 *

Portals:
Hell: Depths:1 Depths:2 Depths:3 Depths:4 Depths:5
Abyss: Depths:4 Depths:5
Pandemonium: Depths:2 Depths:3
Ziggurat: Depths:1
Trove: Elf:1 (give horn of Geryon)

Annotations:
Lair:1 exclusion: 2 oklob plants
Lair:5 exclusion: oklob plant
Snake:4 1 exclusion
Elf:2 3 runed translucent doors
Zot:3 1 transporter
Zot:5 1 exclusion


Innate Abilities, Weirdness & Mutations

You reflexively headbutt those who attack you in melee.
You have a pair of horns on your head.
Scrolls take you a little longer to read.
You are frail. (-10% HP)
Your magical capacity is low. (-10% MP)
You are somewhat resistant to further mutation.
You expend magic power (3 MP) to strengthen your wands.


Message History

The shard shrike screeches!
You block the shard shrike's attack.
The Killer Klown blinks!
You block the shard shrike's attack.
The shard shrike spits a shard of ice at you.
The shard of ice reflects off an invisible shield around you!
The shard of ice hits the shard shrike!!!
The shard shrike partially resists.
The shard shrike spits a shard of ice at you.
The shard of ice hits you!!!
* * * LOW HITPOINT WARNING * * *
You block the shard shrike's attack.
You hear some strange, mumbled words.
The shard shrike screeches!
You block the shard shrike's attack. You block the shard shrike's attack.
The shard shrike screeches!
The shard shrike claws you.
* * * LOW HITPOINT WARNING * * *
The shard shrike freezes you!!!
You die...

.........^.......# ##...........
.....^.....^.....# #...........
.................# ##...........
................^# #............
................^# ##............
.....^.......^...###.............
................###...###########
......^....p2.*##....## #
.....(....12*X.b@..###
▓^...8##▓▓▓▓▓▓▓▓▓▓▓#
............,,,****
............,,,,,,***
............,,,,,,,,**
............,,,,,,,,,* *********
.^..........,,,,,,,,,***,,,,,,,**
.......)....,,,,,,,,,**,,,,,,,,,*
..........§.,,,,,,,,,*,,,,,,,,,,,


You could see 2 orbs of fire, a Killer Klown, a shard shrike, a Brimstone Fiend,
a cacodemon, an Orb Guardian and a reaper.

Vanquished Creatures
  Mara (Depths:3)
  An ancient lich (Depths:3)
  3 caustic shrikes (Depths:4)
  18 golden dragons
  A curse toe (Zot:1)
  An electric golem (Zot:1)
  19 tentacled monstrosities
  8 Orb Guardians (Zot:5)
  3 titans
  2 liches
  2 deep elf blademasters
  Asterion (Depths:1)
  A kraken (Shoals:3)
  2 deep elf master archers (Elf:3)
  7 quicksilver dragons
  Agnes (Snake:2)
  An ancient champion (Vaults:3)
  11 death cobs
  5 sphinxes
  7 tengu reavers
  13 storm dragons
  12 shadow dragons
  13 draconian monks
  11 fire giants
  7 large abominations
  19 frost giants
  12 nagarajas
  8 deep elf sorcerers
  7 draconian scorchers
  Louise (Snake:1)
  18 vault wardens
  An orc warlord (Vaults:5)
  4 iron dragons
  A ghost moth (Zot:5)
  2 emperor scorpions (shapeshifter)
  3 draconian shifters
  14 ironheart preservers
  5 draconian annihilators
  4 draconian stormcallers
  7 deep elf elementalists
  19 stone giants
  7 spriggan defenders
  39 very ugly things
  A war gargoyle (Vaults:5)
  12 green draconians
  A vampire knight (Vaults:3)
  A deep elf demonologist (Elf:3)
  Azrael (Snake:2)
  14 purple draconians
  A dire elephant (Lair:6)
  5 black draconians
  A spark wasp (Depths:4)
  The ghost of Despondentz the Grappler, a journeyman TrMo of Wu Jian (Lair:1)
  5 yellow draconians
  A minotaur (Gauntlet)
  7 deep elf annihilators
  13 white draconians
  11 red draconians
  2 merfolk javelineers
  2 blizzard demons
  13 ettins
  9 merfolk impalers
  8 deep elf death magi
  12 fire dragons
  19 yaktaur captains
  9 great orbs of eyes
  A deep elf high priest (Elf:3)
  16 ice dragons
  32 vault guards
  Harold (D:8)
  4 spriggan air magi
  20 naga warriors
  An ice dragon (shapeshifter) (Elf:2)
  10 hydras
  3 alligator snapping turtles
  5 rakshasas
  4 merfolk avatars
  A catoblepas (Lair:6)
  3 death knights
  15 anacondas
  7 centaur warriors
  4 merfolk aquamancers
  17 dancing weapons
  7 satyrs
  57 two-headed ogres
  17 ogre magi
  10 tengu warriors
  14 deep troll earth magi
  11 deep troll shamans
  A soul eater (Gauntlet)
  3 shadow wraiths
  13 naga sharpshooters
  8 deep elf knights
  4 iron trolls
  A titan skeleton (Vaults:3)
  2 small abominations
  13 shock serpents
  A wretched star (Gauntlet)
  2 hell knights (Depths:2)
  39 deep trolls
  4 skeletal warriors
  A storm dragon skeleton (Vaults:5)
  A sixfirhy (Depths:2)
  6 unseen horrors
  2 salamander mystics
  2 flayed ghosts
  15 sea snakes
  16 naga ritualists
  A swamp dragon (shapeshifter) (Depths:5)
  An unseen horror (shapeshifter) (Depths:2)
  13 ironbrand convokers
  2 lindwurms (shapeshifter) (Vaults:5)
  19 deep elf archers
  9 lindwurms
  Pikel (D:5)
  18 wizards
  4 phantasmal warriors
  3 necromancers
  22 orc knights
  55 deep elf magi
  14 mana vipers
  7 orc sorcerers
  16 manticores
  A wolf spider (Vaults:3)
  19 fauns
  4 harpies
  A frost giant zombie (Vaults:5)
  7 salamanders
  10 cyclopes
  2 cyclopes (shapeshifter)
  A salamander (shapeshifter) (D:10)
  56 ugly things
  An iron dragon skeleton (Vaults:5)
  11 elephants
  7 merfolk sirens
  Maurice (D:8)
  31 black mambas
  A centaur zombie (D:15)
  A human skeleton (Vaults:5)
  37 moths of wrath
  16 vault sentinels
  A guardian serpent (shapeshifter) (Depths:1)
  7 ice statues
  19 naga magi
  A torpor snail (shapeshifter) (Vaults:1)
  8 water nymphs
  5 guardian serpents
  A spiny frog (shapeshifter) (Vaults:3)
  6 torpor snails (Lair:6)
  A gargoyle (D:12)
  14 spiny frogs
  4 spectral swamp worms (Depths:4)
  10 freezing wraiths
  4 rime drakes
  An anaconda simulacrum (IceCv)
  5 komodo dragons
  4 tengu conjurers
  A golden dragon simulacrum (IceCv)
  62 yaktaurs
  6 trolls
  5 ice devils
  A troll (shapeshifter) (Vaults:1)
  A harpy zombie (D:13)
  A queen bee (shapeshifter) (Depths:2)
  A tyrant leech (shapeshifter) (Vaults:5)
  A polar bear (shapeshifter) (Vaults:2)
  29 merfolk
  7 polar bears
  3 meliai (D:15)
  A meliai (shapeshifter) (Vaults:1)
  6 wind drakes
  A jumping spider (shapeshifter) (Depths:1)
  8 hippogriffs
  Prince Ribbit (D:9)
  32 slime creatures
  4 tyrant leeches (Lair:6)
  22 blink frogs
  14 hornets
  A hippogriff (shapeshifter) (Depths:4)
  11 snapping turtles
  19 dream sheep
  6 spriggans
  2 shadows
  An air elemental (Elf:2)
  A centaur simulacrum (D:11)
  2 redbacks (shapeshifter)
  A spriggan (shapeshifter) (D:13)
  5 wraiths
  2 yaks (shapeshifter)
  A dire elephant simulacrum (IceCv)
  20 water elementals
  5 fire elementals
  30 yaks
  3 basilisks
  2 wyverns
  A golden eye (shapeshifter) (Vaults:1)
  A steam dragon (D:9)
  4 hungry ghosts
  3 chaos spawn (Depths:2)
  2 neqoxecs (Gauntlet)
  2 vampire mosquitoes (D:14)
  4 iron troll simulacra (IceCv)
  66 nagas
  Edmund (D:4)
  3 acid dragons
  A harpy simulacrum (IceCv)
  10 wargs
  14 water moccasins
  7 porcupines
  2 slaves (D:5)
  A floating eye (shapeshifter) (Vaults:4)
  2 hell hounds (Snake:2)
  3 black bears
  2 phantoms
  6 swamp drakes (Depths:5)
  A sky beast (D:9)
  2 ettin simulacra
  9 ice beasts
  56 orc warriors
  43 ogres
  2 necrophages
  An eye of draining (D:14)
  7 boggarts
  14 wolves
  33 centaurs
  A crocodile (shapeshifter) (Depths:4)
  12 crocodiles
  19 bullfrogs
  3 big kobolds (D:12)
  Blork the orc (D:4)
  A glowing shapeshifter simulacrum (Vaults:3)
  2 earth elementals (Elf:3)
  2 gnoll sergeants
  5 scorpions
  17 killer bees
  13 wights (D:11)
  3 howler monkeys (D:11)
  5 lava snakes (Snake:3)
  11 crimson imps
  2 bullfrog zombies
  2 quasits
  9 hounds
  2 jellies
  2 bullfrog skeletons
  20 orc priests
  9 centaur skeletons
  36 orc wizards
  Jessica (D:2)
  Ijyb (D:5)
  4 iguanas
  11 worker ants
  A hound zombie (D:9)
  A hound skeleton (D:9)
  A howler monkey zombie (D:7)
  A worker ant zombie (D:6)
  15 gnolls
  13 adders
  4 shadow imps
  4 white imps
  A worker ant simulacrum (D:11)
  2 oozes
  2 adder skeletons
  An adder zombie (D:9)
  2 worms
  2 leopard geckos
  127 orcs
  4 ball pythons
  A bat (D:2)
  3 giant cockroaches
  6 goblins
  7 hobgoblins
  3 jackals
  6 kobolds
  6 quokkas
  5 frilled lizards
  A leopard gecko skeleton (D:5)
  A leopard gecko zombie (D:5)
  A quokka zombie (D:9)
  8 rats
  7 crawling corpses
  2 fungi
  19 plants
  3 tentacles (Shoals:3)
2424 creatures vanquished.

Vanquished Creatures (others)
  2 draconian knights
  A vault warden (Vaults:5)
  2 stone giants
  A very ugly thing (Depths:5)
  2 yaktaur captains (Vaults:5)
  A satyr (Shoals:4)
  A deep elf knight (Elf:1)
  2 naga sharpshooters
  A cyclops (Vaults:1)
  A faun (Shoals:4)
  13 yaktaurs
  A naga (Snake:4)
  2 boggarts
  A tengu (shapeshifter) (Depths:4)
  A worker ant zombie (D:5)
  14 demonic plants (Gauntlet)
  5 fungi
  38 plants
  5 tentacles (Shoals:3)
94 creatures vanquished.

Grand Total: 2518 creatures vanquished

Notes
Turn   | Place    | Note
-------+----------+-------------------------------------------
     0 | D:1      | Blackhawk the Minotaur Fighter began the quest for the Orb.
     0 | D:1      | Reached XP level 1. HP: 19/19 MP: 0/0
   105 | D:1      | Reached XP level 2. HP: 19/27 MP: 1/1
  1115 | D:2      | Reached XP level 3. HP: 33/33 MP: 2/2
  1225 | D:2      | Found a shimmering blue altar of Sif Muna.
  1249 | D:2      | Noticed Jessica
  1271 | D:2      | Killed Jessica
  1543 | D:2      | Noticed a centaur
  1550 | D:2      | Killed a centaur
  1550 | D:2      | Reached XP level 4. HP: 20/41 MP: 3/3
  1550 | D:2      | Reached XP level 5. HP: 23/47 MP: 4/4
  2548 | D:3      | Reached skill level 5 in Shields
  2553 | D:3      | Reached skill level 5 in Fighting
  2553 | D:3      | Reached skill level 5 in Armour
  2557 | D:3      | Reached XP level 6. HP: 41/56 MP: 5/5
  3164 | D:4      | Noticed Blork the orc
  3168 | D:4      | Killed Blork the orc
  3168 | D:4      | Reached skill level 5 in Axes
  3168 | D:4      | Reached XP level 7. HP: 59/62 MP: 6/6
  3528 | D:4      | Noticed Edmund
  3550 | D:4      | Killed Edmund
  3720 | D:5      | Entered Level 5 of the Dungeon
  3720 | D:5      | Noticed Ijyb
  3724 | D:5      | Killed Ijyb
  3859 | D:5      | Reached XP level 8. HP: 54/71 MP: 7/7
  3938 | D:5      | You fall into a shaft and drop 1 floor!
  3960 | D:5      | Found Zyqai's Jewellery Boutique.
  4335 | D:5      | Noticed Pikel
  4361 | D:5      | Killed Pikel
  4646 | D:6      | Found Maikephu's Antique Weapon Shop.
  4650 | D:6      | Found Zoma's Antique Weapon Shop.
  4904 | D:6      | Reached XP level 9. HP: 81/81 MP: 8/8
  4976 | D:6      | Got a pair of bloodstained boots
  4984 | D:6      | Identified the cursed +0 pair of boots "Fapleck" {rPois
                  | MR+} (You found it on level 6 of the Dungeon)
  5352 | D:6      | Bought an ivory war axe for 255 gold pieces
  5352 | D:6      | Identified the +3 war axe of Eternal War {antimagic,
                  | *Corrode rN+ Dex+4} (You bought it in a shop on level 6 of
                  | the Dungeon)
  5403 | D:7      | Found a staircase to the Ecumenical Temple.
  5474 | Temple   | Entered the Ecumenical Temple
  5591 | Temple   | Became a worshipper of Warmaster Okawaru
  6079 | D:7      | Reached * piety under Okawaru
  6101 | D:7      | Reached XP level 10. HP: 38/91 MP: 3/9
  6530 | D:8      | Reached ** piety under Okawaru
  6892 | D:8      | Noticed Maurice
  6913 | D:8      | Killed Maurice
  7076 | D:8      | Noticed a two-headed ogre
  7083 | D:8      | Reached skill level 10 in Fighting
  7083 | D:8      | Reached skill level 10 in Armour
  7083 | D:8      | Reached skill level 10 in Shields
  7088 | D:8      | Killed a two-headed ogre
  7209 | D:8      | Reached *** piety under Okawaru
  7463 | D:8      | Reached skill level 10 in Axes
  7620 | D:8      | Noticed Harold
  7637 | D:8      | Killed Harold
  7814 | D:9      | Noticed Prince Ribbit
  7815 | D:9      | Found Sobratum's Magic Scroll Shop.
  7821 | D:9      | Killed Prince Ribbit
  7915 | D:9      | Reached XP level 11. HP: 101/101 MP: 3/10
  7935 | D:9      | Noticed a deep elf mage
  7941 | D:9      | Killed a deep elf mage
  7941 | D:9      | Reached **** piety under Okawaru
  8355 | D:9      | Found a staircase to the Lair.
  8367 | D:9      | Reached ***** piety under Okawaru
  8938 | D:10     | Entered Level 10 of the Dungeon
  9149 | D:10     | Found a staircase to the Orcish Mines.
 10063 | D:11     | Noticed a purple ugly thing
 10090 | D:11     | Killed a purple ugly thing
 10307 | D:11     | Noticed an unseen horror
 10316 | D:11     | Killed an unseen horror
 10859 | D:11     | Gained mutation: Scrolls take you a little longer to read.
                  | [potion of mutation]
 10859 | D:11     | Gained mutation: Your spells are a little harder to cast,
                  | but a little more powerful. [potion of mutation]
 10859 | D:11     | Gained mutation: Your muscles are strong. (Str +2) [potion
                  | of mutation]
 10860 | D:11     | Lost mutation: Scrolls take you a little longer to read.
                  | [potion of mutation]
 10860 | D:11     | Lost mutation: Your muscles are strong. (Str +2) [potion of
                  | mutation]
 10860 | D:11     | Lost mutation: Your spells are a little harder to cast, but
                  | a little more powerful. [potion of mutation]
 10860 | D:11     | Gained mutation: You expend magic power (3 MP) to
                  | strengthen your wands. [potion of mutation]
 10860 | D:11     | Gained mutation: You are frail. (-10% HP) [potion of
                  | mutation]
 10860 | D:11     | Gained mutation: You are somewhat resistant to further
                  | mutation. [potion of mutation]
 10933 | D:11     | Found Naoz Rucs's Assorted Antiques.
 10936 | D:11     | Bought a scroll labeled KAORHA UCLEPP for 25 gold pieces
 10936 | D:11     | Bought a translucent war axe for 212 gold pieces
 10936 | D:11     | Identified the +3 war axe of Beyond {speed, Fragile rN++
                  | Str+5} (You bought it in a shop on level 11 of the Dungeon)
 11022 | D:11     | Noticed a brown ugly thing
 11029 | D:11     | Killed a brown ugly thing
 11072 | D:11     | Noticed an unseen horror
 11095 | D:11     | Killed an unseen horror
 11095 | D:11     | Received a gift from Okawaru
 11175 | D:11     | Reached XP level 12. HP: 90/100 MP: 11/11
 11913 | D:12     | Noticed a two-headed ogre
 11918 | D:12     | Killed a two-headed ogre
 11982 | D:12     | Noticed a two-headed ogre
 11988 | D:12     | Killed a two-headed ogre
 12201 | D:12     | Noticed a two-headed hydra
 12214 | D:12     | Killed a nine-headed hydra
 12361 | D:13     | Reached ****** piety under Okawaru
 12434 | D:13     | Received a gift from Okawaru
 12465 | D:13     | Found a gate leading to a gauntlet.
 12487 | Gauntlet | Entered a Gauntlet
 12487 | Gauntlet | Found a transporter.
 12497 | Gauntlet | Found a transporter.
 12512 | Gauntlet | Found a transporter.
 12517 | Gauntlet | Found a transporter.
 12533 | Gauntlet | Found a transporter.
 12552 | Gauntlet | Found a transporter.
 12564 | Gauntlet | Found a transporter.
 12570 | Gauntlet | Found a transporter.
 12585 | Gauntlet | Found a transporter.
 12597 | Gauntlet | Found a transporter.
 12603 | Gauntlet | Found a transporter.
 12603 | Gauntlet | Found a transporter.
 12616 | Gauntlet | Noticed an entropy weaver
 12618 | Gauntlet | Found a transporter.
 12626 | Gauntlet | Found a transporter.
 12668 | Gauntlet | Found a transporter.
 12696 | Gauntlet | Found a transporter.
 12696 | Gauntlet | Found a transporter.
 12716 | Gauntlet | Found a transporter.
 12847 | Gauntlet | Gained mutation: Scrolls take you a little longer to read.
                  | [a neqoxec]
 12871 | Gauntlet | Got a transparent turquoise ring
 12975 | Gauntlet | Noticed a minotaur
 12987 | Gauntlet | Killed a minotaur
 13039 | Gauntlet | Got a faintly glowing scale mail
 13237 | D:13     | Identified the ring of Omyovoa {rElec rPois rC+ rN+ Stlth+}
                  | (You found it in a Gauntlet)
 13262 | D:13     | Noticed an eight-headed hydra
 13269 | D:13     | Killed a 13-headed hydra
 13480 | D:13     | Reached XP level 13. HP: 109/109 MP: 12/12
 13554 | D:13     | Found a gate to the Vaults.
 14440 | D:14     | Received a gift from Okawaru
 14736 | D:14     | Found a flickering gateway to a bazaar.
 14742 | Bazaar   | Entered a bazaar
 14950 | Bazaar   | Found Qiafil's Antique Armour Emporium.
 14950 | Bazaar   | Found Durecw's Antique Weapon Shoppe.
 14971 | Bazaar   | Found Zinitem's General Store.
 14986 | Bazaar   | Found Ruli's General Store.
 14986 | Bazaar   | Found Tuaveinu's Assorted Antiques.
 15062 | Bazaar   | Bought the +0 pair of fencer's gloves {Riposte Dex+3} for
                  | 440 gold pieces
 15062 | Bazaar   | Found the +0 pair of fencer's gloves {Riposte Dex+3}
 15302 | D:15     | Entered Level 15 of the Dungeon
 15571 | D:14     | Received a gift from Okawaru
 15574 | D:14     | Got an ichor-stained plate armour {god gift}
 15585 | D:14     | Identified the +1 plate armour of Paranoia {*Contam MR++
                  | Dex+3} (Okawaru gifted it to you on level 14 of the
                  | Dungeon)
 15961 | D:15     | Found Roil Dop's Jewellery Boutique.
 16080 | D:15     | Found a sacrificial altar of Ru.
 16452 | D:15     | Reached XP level 14. HP: 119/119 MP: 13/13
 16474 | D:15     | HP: 5/119 [burnt (7)]
 16476 | D:15     | HP: 2/119 [burnt (3)]
 17288 | D:15     | Found a staircase to the Depths.
 17442 | Orc:1    | Entered Level 1 of the Orcish Mines
 17525 | Orc:2    | Entered Level 2 of the Orcish Mines
 17722 | Orc:1    | Received a gift from Okawaru
 17723 | Orc:1    | Reached skill level 15 in Shields
 17733 | Orc:1    | Reached skill level 15 in Armour
 17756 | Orc:1    | Reached skill level 15 in Fighting
 18342 | Orc:2    | Reached skill level 15 in Axes
 19514 | Orc:2    | Found Suajiet's Assorted Antiques.
 19514 | Orc:2    | Found Arphinnari's Armour Shoppe.
 19516 | Orc:2    | Found Ewnipush's Antique Armour Emporium.
 19518 | Orc:2    | Found Kocex's General Store.
 19532 | Orc:2    | Bought 3 scrolls labeled SAJESCH MEFANEDD for 84 gold
                  | pieces
 19574 | Orc:2    | Found a staircase to the Elven Halls.
 19639 | Elf:1    | Entered Level 1 of the Elven Halls
 19672 | Elf:1    | Found a radiant altar of Vehumet.
 19676 | Elf:1    | Noticed a deep elf elementalist
 19692 | Elf:1    | Killed a deep elf elementalist
 20083 | Elf:1    | Noticed a deep elf sorcerer
 20089 | Elf:1    | Killed a deep elf sorcerer
 20304 | Elf:1    | Received a gift from Okawaru
 20422 | Elf:1    | Reached XP level 15. HP: 122/128 MP: 14/14
 20787 | Elf:1    | Found a portal to a secret trove of treasure.
 21869 | Elf:2    | Received a gift from Okawaru
 21971 | Elf:2    | Found a runed translucent gate.
 21971 | Elf:2    | Found a runed translucent gate.
 21971 | Elf:2    | Found a runed translucent gate.
 22238 | Elf:3    | Entered Level 3 of the Elven Halls
 22302 | Elf:3    | Found Rimih's Weapon Emporium.
 22399 | Elf:3    | Noticed a deep elf master archer
 22402 | Elf:3    | Noticed a deep elf blademaster
 22443 | Elf:2    | Killed a deep elf blademaster
 22807 | Elf:3    | Killed a deep elf master archer
 23114 | Elf:3    | Found Olouri's Assorted Antiques.
 23154 | Elf:3    | Found Weume's Antique Weapon Emporium.
 23163 | Elf:3    | Noticed a deep elf sorcerer
 23197 | Elf:3    | Killed a deep elf sorcerer
 23197 | Elf:3    | Received a gift from Okawaru
 23207 | Elf:3    | Identified the +6 scale mail "Meesogg" {Regen+}
 23207 | Elf:3    | Noticed a deep elf master archer
 23218 | Elf:3    | Reached XP level 16. HP: 57/138 MP: 15/15
 23222 | Elf:3    | Killed a deep elf master archer
 23226 | Elf:3    | Got a pitted chain mail {god gift}
 23253 | Elf:3    | Identified the +1 chain mail "Nukhlevvu" {rElec Int+2 Dex+3
                  | Stlth+} (Okawaru gifted it to you on level 3 of the Elven
                  | Halls)
 23498 | Elf:3    | Identified the ring "Saoptoiph" {MP+9 Int+4}
 23603 | Elf:3    | Identified the Reference Book on Helpful Transformation
 23823 | Elf:3    | Found the +4 robe of Augmentation {Str+4 Int+4 Dex+4}
 23891 | Elf:3    | Identified the Grimoire of Transmigration and Evil
 23942 | Elf:3    | Found Neest's Weapon Boutique.
 24544 | Elf:3    | Noticed a deep elf blademaster
 24570 | Elf:3    | Killed a deep elf blademaster
 25023 | Elf:3    | Found Zingobih's Armour Shop.
 25272 | Lair:1   | Entered Level 1 of the Lair of Beasts
 25276 | Lair:1   | Received a gift from Okawaru
 25281 | Lair:1   | Identified the +1 plate armour of the Beginning {Int+4
                  | Stlth+} (Okawaru gifted it to you on level 1 of the Lair of
                  | Beasts)
 25652 | Lair:1   | Identified the Disquisition on Freezing Unholy Magic
 25785 | Lair:1   | Found a transporter.
 25789 | Lair:1   | Noticed Despondentz's ghost (journeyman TrMo)
 25851 | Lair:1   | Found a transporter.
 25860 | Lair:1   | Killed Despondentz's ghost
 27119 | Lair:3   | Reached skill level 1 in Dodging
 27366 | Lair:3   | Found a staircase to the Shoals.
 28000 | Lair:4   | Found a staircase to the Snake Pit.
 29081 | Lair:5   | Found a staircase to the Slime Pits.
 29081 | Lair:5   | Found a viscous altar of Jiyva.
 29123 | Lair:5   | Reached XP level 17. HP: 140/146 MP: 16/16
 29511 | Lair:5   | Found a shadowy altar of Dithmenos.
 29585 | Lair:6   | Entered Level 6 of the Lair of Beasts
 29628 | Lair:6   | Received a gift from Okawaru
 30522 | Lair:6   | Received a gift from Okawaru
 30619 | Lair:6   | Found a runed translucent door.
 30941 | Lair:6   | Reached skill level 5 in Dodging
 31090 | Shoals:1 | Entered Level 1 of the Shoals
 32413 | Shoals:2 | Found a frozen archway.
 32437 | IceCv    | Entered an ice cave
 33116 | IceCv    | Received a gift from Okawaru
 34700 | Shoals:3 | Noticed a kraken
 34708 | Shoals:3 | Killed a kraken
 34990 | Shoals:3 | Received a gift from Okawaru
 35009 | Shoals:3 | Reached XP level 18. HP: 156/156 MP: 17/17
 35676 | Shoals:4 | Entered Level 4 of the Shoals
 35899 | Shoals:4 | HP: 4/158 [satyr/arrow (15)]
 37142 | Shoals:4 | Received a gift from Okawaru
 38293 | Shoals:4 | Found Berouj's Magic Scroll Emporium.
 38499 | Shoals:4 | Got a barnacled rune of Zot
 38662 | Shoals:4 | Found the -2 hat of the Alchemist {rElec rPois rF+ rC+ rN+
                  | MR+ rMut rCorr}
 38943 | Snake:1  | Entered Level 1 of the Snake Pit
 39197 | Snake:1  | Noticed Louise
 39205 | Snake:1  | Received a gift from Okawaru
 39223 | Snake:1  | Killed Louise
 39227 | Snake:1  | Identified the +0 chain mail "Mitomaeqo" {rElec rCorr SInv}
                  | (Okawaru gifted it to you on level 1 of the Snake Pit)
 40278 | Snake:2  | Noticed Azrael
 40296 | Snake:2  | Killed Azrael
 40453 | Snake:2  | Found Obror's General Store.
 40661 | Snake:2  | Reached skill level 10 in Dodging
 40689 | Snake:2  | Reached XP level 19. HP: 165/165 MP: 18/18
 40890 | Snake:2  | Noticed Agnes
 40908 | Snake:2  | Killed Agnes
 40908 | Snake:2  | Received a gift from Okawaru
 40913 | Snake:2  | Identified the +4 broad axe of the Hierophant {chop, Int-3
                  | Dex+5 SInv} (Okawaru gifted it to you on level 2 of the
                  | Snake Pit)
 41152 | Snake:3  | Reached skill level 1 in Invocations
 42069 | Snake:3  | Found Ahotir's Book Boutique.
 42807 | Snake:4  | Entered Level 4 of the Snake Pit
 43075 | Snake:4  | Received a gift from Okawaru
 44092 | Snake:4  | Got a flickering ivory ring
 44117 | Snake:4  | Identified the ring of Arrival {Fire MR+ Str+4} (You found
                  | it on level 4 of the Snake Pit)
 44395 | Snake:4  | Received a gift from Okawaru
 44406 | Snake:4  | Identified the +11 battleaxe "Iczaitao" {vamp, Int+4
                  | Stlth+} (Okawaru gifted it to you on level 4 of the Snake
                  | Pit)
 44687 | Snake:4  | Reached XP level 20. HP: 170/178 MP: 22/22
 44791 | Snake:4  | Got a serpentine rune of Zot
 45195 | Depths:1 | Entered Level 1 of the Depths
 45206 | Depths:1 | Reached skill level 5 in Invocations
 45294 | Depths:1 | Noticed Asterion
 45314 | Depths:1 | Killed Asterion
 45490 | Depths:1 | Found a gateway to a ziggurat.
 45548 | Depths:1 | Noticed a golden dragon
 45559 | Depths:1 | Killed a golden dragon
 45559 | Depths:1 | Received a gift from Okawaru
 45882 | Depths:1 | Found a gateway to Hell.
 46219 | Depths:1 | You are sucked into a shaft and drop 1 floor!
 46331 | Depths:2 | Found a basalt altar of Yredelemnul.
 46517 | Depths:2 | Received a gift from Okawaru
 46670 | Depths:2 | Reached XP level 21. HP: 186/186 MP: 24/24
 47071 | Depths:2 | Found a one-way gate leading to the halls of Pandemonium.
 48045 | Depths:3 | Received a gift from Okawaru
 48270 | Depths:3 | Noticed Mara
 48290 | Depths:3 | Noticed Blackhawk's illusion
 48321 | Depths:3 | Killed Mara
 48503 | Depths:3 | Noticed a golden dragon
 48574 | Depths:3 | Received a gift from Okawaru
 48579 | Depths:3 | Identified the +0 pair of gloves "Pyso" {rElec Str+4}
                  | (Okawaru gifted it to you on level 3 of the Depths)
 48744 | Depths:3 | Noticed an ancient lich
 49042 | Depths:3 | Killed an ancient lich
 49482 | Depths:4 | Noticed a caustic shrike
 49482 | Depths:4 | Noticed a caustic shrike
 49482 | Depths:4 | Noticed a caustic shrike
 49495 | Depths:4 | Killed a caustic shrike
 49495 | Depths:4 | Received a gift from Okawaru
 49495 | Depths:4 | Reached XP level 22. HP: 151/198 MP: 25/25
 49500 | Depths:4 | Killed a caustic shrike
 49505 | Depths:4 | Killed a caustic shrike
 49666 | Depths:4 | Found a one-way gate to the infinite horrors of the Abyss.
 50307 | Depths:4 | Received a gift from Okawaru
 50314 | Depths:4 | Identified the +6 hand axe of the Whale {venom, rPois
                  | Int+4} (Okawaru gifted it to you on level 4 of the Depths)
 50678 | Depths:5 | Entered Level 5 of the Depths
 50685 | Depths:5 | Noticed a golden dragon
 50705 | Depths:5 | Killed a golden dragon
 50745 | Depths:5 | Identified the Grimoire of the Last Spirits
 50983 | Depths:5 | Reached skill level 15 in Dodging
 51171 | Depths:5 | Noticed a golden dragon
 51185 | Depths:5 | Killed a golden dragon
 51185 | Depths:5 | Received a gift from Okawaru
 51185 | Depths:5 | Reached XP level 23. HP: 204/208 MP: 26/26
 51343 | Depths:5 | Received a gift from Okawaru
 51442 | Depths:5 | Found a gate to the Realm of Zot.
 51464 | Depths:5 | Identified the ring of Zajaruc {rPois rF+ MR+ Stlth+} (You
                  | found it on level 5 of the Depths)
 52095 | Depths:5 | Identified the Collected Works on Summoning
 52453 | Vaults:1 | Entered Level 1 of the Vaults
 52748 | Vaults:1 | Received a gift from Okawaru
 52781 | Vaults:1 | Found Kajinn's Jewellery Shoppe.
 53766 | Vaults:2 | Received a gift from Okawaru
 54217 | Vaults:2 | Identified the ring "Aruduis" {+Inv MR+ MP+9 Slay+2 Stlth-}
                  | (You found it on level 2 of the Vaults)
 54400 | Vaults:2 | Reached XP level 24. HP: 220/220 MP: 26/26
 54899 | Vaults:3 | Received a gift from Okawaru
 55112 | Vaults:3 | Reached skill level 1 in Evocations
 55206 | Vaults:3 | Found a staircase to the Crypt.
 55329 | Vaults:3 | Found Nerch's Food Shoppe.
 56581 | Vaults:4 | Identified the cursed +0 pair of boots "Sarutowk" {rN++}
                  | (You found it on level 4 of the Vaults)
 57331 | Vaults:4 | Received a gift from Okawaru
 57368 | Vaults:4 | Identified the +0 ring mail "Qoloj" {MR- Regen+ rCorr
                  | Stlth-} (Okawaru gifted it to you on level 4 of the Vaults)
 57426 | Vaults:4 | Found Duygeuz's General Store.
 57526 | Vaults:5 | Entered Level 5 of the Vaults
 57550 | Vaults:5 | Reached skill level 27 in Fighting
 57582 | Vaults:5 | Reached XP level 25. HP: 200/231 MP: 26/26
 57615 | Vaults:5 | Received a gift from Okawaru
 57915 | Vaults:5 | Paralysed by a floating eye for 3 turns
 58087 | Vaults:4 | Received a gift from Okawaru
 58104 | Vaults:4 | Identified the +1 pair of boots "Ukkes" {rN+ rCorr}
                  | (Okawaru gifted it to you on level 4 of the Vaults)
 58483 | Vaults:5 | Found the +8 frozen axe "Frostbite" {freezing cloud, *Noise
                  | +Fly rC+}
 58500 | Vaults:5 | Identified the +10 plate armour "Xeri" {Int-2 Dex+4} (You
                  | found it on level 5 of the Vaults)
 58543 | Vaults:5 | Gained mutation: Your magical capacity is low. (-10% MP)
                  | [mutagenic glow]
 58566 | Vaults:5 | Got a silver rune of Zot
 58580 | Vaults:5 | Identified the amulet of Jepn {Inacc rElec rPois MR- Int+3}
                  | (You found it on level 5 of the Vaults)
 59112 | Vaults:5 | Identified Zuddec's Witchcraft, Part One
 59174 | Vaults:5 | Found the +6 arbalest "Damnation" {damnation}
 59179 | Vaults:5 | Identified the ring of Otuahaowk {rF+ rC- rN+ Slay+3} (You
                  | found it on level 5 of the Vaults)
 59180 | Vaults:5 | Identified the Grimoire of the Rattle-Snake
 59232 | Vaults:5 | Reached skill level 1 in Crossbows
 59894 | Zot:1    | Entered Level 1 of the Realm of Zot
 60355 | Zot:1    | Reached skill level 5 in Evocations
 60473 | Zot:1    | Reached XP level 26. HP: 234/239 MP: 23/23
 60597 | Zot:1    | Received a gift from Okawaru
 61778 | Zot:3    | Noticed an ancient lich
 61783 | Zot:3    | Found a transporter.
 61784 | Zot:3    | Found a radiant altar of Vehumet.
 61827 | Zot:3    | Received a gift from Okawaru
 62220 | Zot:3    | You are sucked into a shaft and drop 1 floor!
 62540 | Zot:4    | Reached skill level 27 in Armour
 62736 | Zot:4    | Reached XP level 27. HP: 245/245 MP: 23/23
 62961 | Zot:4    | Received a gift from Okawaru
 62987 | Zot:4    | Identified the +0 chain mail "Zimoaj" {Dex+7} (Okawaru
                  | gifted it to you on level 4 of the Realm of Zot)
 63331 | Zot:5    | Entered Level 5 of the Realm of Zot
 63554 | Zot:5    | Found a snail-covered altar of Cheibriados.
 64047 | Zot:5    | Noticed an orb of fire
 64051 | Zot:5    | Noticed an ancient lich
 64059 | Zot:5    | Noticed an orb of fire
 64079 | Zot:5    | Demolished by a shard shrike

Levels and vault maps discovered:
D:1:      dpeg_arrival_refuge, layout_basic
D:2:      cheibrodos_helix_gallery, layout_loops_ring,
          overflow_temple_1_default, uniq_jessica
D:3:      layout_basic
D:4:      layout_loops_ring, first_ration, uniq_blork_the_orc, uniq_edmund
D:5:      layout_basic, minmay_shop_enchanted_jewellery, uniq_pikel, uniq_ijyb
D:6:      minmay_octagon_keep, layout_rooms, serial_shops, shop, shop
D:7:      layout_rooms, minmay_temple_entry_antechambers, minmay_diced_spiral
D:8:      layout_loops_corners, uniq_harold, uniq_maurice
D:9:      minmay_the_grid_plus [minmay_the_grid_spikes,
          minmay_the_grid_outer_circle, minmay_the_grid_spin_star,
          minmay_the_grid_dragon_a,
          minmay_the_grid_prize_four_corners_diamond_a], layout_gridville,
          serial_shops, nicolae_shop_statue_plus, uniq_prince_ribbit1
D:10:     layout_roguey, erik_orc_3, serial_corexii_hall,
          corexii_hall_statues_t, chequers_hall_statues_corner_a
D:11:     layout_rooms, serial_shops, nicolae_shop_window_shopping, serial_ice,
          serial_ice_n, serial_ice_b, serial_ice_m, serial_ice_c
D:12:     layout_roguey, hangedman_ranch [blue_anna_fruit_fields], drop_trap
D:13:     layout_roguey, erik_vaults_1, gauntlet_entry_generic
D:14:     layout_rooms, serial_shops, freezing_bzr, serial_bayou_pond_d,
          kennysheep_opposing_triangles
D:15:     grunt_enter_depths_magical_seal, layout_cross, lemuel_altar_in_water,
          serial_shops, shop
Temple:   regret_index_temple_sigil_plot
Lair:1:   layout_regular_city, gammafunk_ghost_berserking_beasts,
          minmay_lair_oklob_chamber
Lair:2:   layout_long_grid, wad_woods_02, grunt_megastairs_3, lemuel_fruit_tree
Lair:3:   layout_regular_city, elwin_shoals_entry_stream,
          chequers_serial_rivers_marsh
Lair:4:   layout_regular_city, minmay_snake_entry_guardpost_small,
          beast_lair_carwin_9, serial_bayou_shore_b, grunt_megastairs_4
Lair:5:   layout_misc_corridors, slime_altar_1, lemuel_oklob_altar,
          grunt_megastairs_5
Lair:6:   hangedman_lair_in_review, layout_small_grid, wormcave
Shoals:1: layout_shoals
Shoals:2: layout_shoals, portal_ice_cave_entry_ugly_swarm
Shoals:3: layout_shoals
Shoals:4: shoals_end_grunt_garden, layout_shoals, serial_shops,
          nicolae_shop_stone
Snake:1:  layout_honeycomb, fake_guardian_serpent_vault, uniq_louise
Snake:2:  layout_cave_town, serial_shops, nicolae_shop_stone, uniq_agnes,
          uniq_azrael
Snake:3:  layout_layer_cave, grunt_ministairs_4, nicolae_snake_lava_pool,
          minmay_shop_star
Snake:4:  johnstein_snake_rune_scales, layout_chambers, special_room,
          grunt_ministairs_11
Orc:1:    layout_diamond_mine
Orc:2:    st_orc_rangers, layout_diamond_mine
Elf:1:    eino_elf_arrival_altar, layout_geoelf_diagonals,
          nicolae_trove_entry_diagonal, hangedman_elf_represent, drop_trap,
          minmay_misc_feat_rows, minmay_misc_feat_pillars
Elf:2:    layout_geoelf_octagon
Elf:3:    grunt_elf_hall_branching, layout_geoelf_octagon, serial_corexii_hall,
          corexii_hall_statues_l, corexii_hall_statues_u, serial_shops,
          shop_statue, nicolae_shop_behind_doors, shop, shop,
          nicolae_shop_behind_doors
Vaults:1: ontoclasm_vaults_misaligned, dpeg_vaults_monster_row, v_misc_11,
          nicolae_vaults_border_crossing, dpeg_vaults_monster_box,
          nicolae_vaults_shelves_hall, nicolae_vaults_ring_of_whatevers,
          layout_vaults_chaotic_city, serial_shops, nicolae_shop_crystal
Vaults:2: nicolae_vaults_asterisk, v_misc_27, v_misc_12,
          vaults_standard_mumra_lines, nicolae_vaults_fighting_squares,
          nicolae_vaults_ring_of_whatevers, ontoclasm_vaults_idyll, v_rooms_6,
          vaults_mumra_lcd, hangedman_vaults_trim, vaults_dpeg_encased_lava,
          vaults_room_octagon, ontoclasm_vaults_hangar, v_misc_14,
          vaults_mumra_hexcomb, nicolae_vaults_diagonal_hallway_9, v_misc_17,
          layout_vaults_maze_bifur
Vaults:3: ontoclasm_vaults_twist, ontoclasm_vaults_spin,
          hangedman_vaults_corner_blocks, ontoclasm_vaults_ring_square,
          minmay_crypt_entry_simple_box, nicolae_vaults_asterisk, v_misc_22,
          nicolae_vaults_sealed_display, vaults_mumra_minichess_inversion,
          v_alt_pattern_5, nicolae_vaults_alarming, nicolae_vaults_rhombus_5,
          layout_vaults_quadrants, serial_shops, nicolae_shop_behind_doors
Vaults:4: v_misc_29, v_pattern_4, vaults_room_octagon, vaults_room_ringed_pool,
          v_misc_16, nicolae_vaults_network_square, v_alt_pattern_6,
          nicolae_vaults_theta, nicolae_vaults_little_squares_6, v_misc_14,
          nicolae_vaults_little_squares_2, layout_vaults_ring, serial_shops,
          nicolae_shop_behind_doors
Vaults:5: serial_shops
Depths:1: layout_twisted_cross, enter_ziggurat_e, grunt_hell_entry_dis_old,
          minmay_fractal_squares_gapless_7, uniq_asterion
Depths:2: evilmike_diamond_2, layout_gridlike, pf_coc_iceberg, kennysheep_donut,
          grunt_pan_entry_zigzag, lemuel_statue_altar
Depths:3: cheibrodos_cascadia, layout_basic, hangedman_geh_valley, pan_entry,
          serial_bayou_shore_a, kennysheep_cross_landing, serial_bayou_shore_b,
          uniq_mara
Depths:4: hangedman_stitches_corridor, layout_gridlike,
          hangedman_abyss_entry_splay, pf_hell_entry_tar_river,
          chequers_hall_statues_corner_a, infiniplex_staircase_door_maze
Depths:5: lemuel_castle_with_subvaults [lemuel_castle_interior_carwin_2],
          layout_gridlike, minmay_misc_feat_plants, hell_entry, abyss_entry,
          minmay_hollow_rounded_squares
Zot:1:    layout_gridlike, st_stairs_12
Zot:2:    kennysheep_oblong_rooms, layout_onion, st_stairs_11
Zot:3:    gammafunk_sealed_library, layout_onion, gammafunk_ghost_cemetery
Zot:4:    kennysheep_bubbly, layout_basic, st_stairs_1,
          hangedman_zot_decor_scrapings
Zot:5:    layout_basic, basic_altar

Skill      XL: |  1  2  3  4  5  6  7  8  9 10 11 12 13 14 15 16 17 18 19 20 21 22 23 24 25 26 27 |
---------------+----------------------------------------------------------------------------------+-----
Armour         | 4 5 6 8 9 10 12 13 14 15 16 17 18 19 20 21 22 23 24 25 27 | 27.0
Shields        | 4 5 6 7 9 10 12 13 14 15 16 17 18 19 20 21 22 23 24 25 | 25.0
Fighting       | 4 5 6 7 9 10 12 13 14 15 16 17 18 19 21 22 23 24 26 27 | 27.0
Axes           | 3 4 5 6 7 9 10 11 13 14 15 16 17 18 | 18.0
Dodging        | 3 7 10 11 12 13 15 16 17 19 21 23 | 23.5
Invocations    | 4 6 |  6.0
Evocations     | 3 5 6 |  6.0
Crossbows      | 1 |  1.1

Action                   |  1- 3 |  4- 6 |  7- 9 | 10-12 | 13-15 | 16-18 | 19-21 | 22-24 | 25-27 || total
-------------------------+-------+-------+-------+-------+-------+-------+-------+-------+-------++-------
Melee: War axe           |    70 |   110 |   314 |   674 |   977 |   195 |       |       |       ||  2340
       Headbutt          |     8 |    17 |    59 |   185 |   281 |   510 |   532 |   527 |   438 ||  2557
       Broad axe         |       |       |       |       |       |  1460 |  1489 |  1592 |  1002 ||  5543
Throw: Throwing net      |       |       |       |     1 |       |       |       |       |       ||     1
Invok: Heroism           |       |       |       |     1 |     1 |     2 |       |     1 |       ||     5
       Finesse           |       |       |       |       |     1 |     1 |       |       |       ||     2
  Use: Scroll            |       |       |     2 |    13 |     9 |    20 |    13 |    10 |    13 ||    80
       Potion            |       |       |       |    11 |       |       |       |       |       ||    11
 Stab: Distracted        |       |       |       |     2 |     1 |       |     1 |     1 |     1 ||     6
  Eat: Chunk             |     2 |     5 |    12 |    44 |    36 |    47 |    23 |    27 |    15 ||   211
       Ration            |       |       |       |       |       |       |     2 |       |     2 ||     4
Armor: Scale mail        |    12 |       |       |       |       |       |       |       |       ||    12
       Plate armour      |    18 |    69 |   170 |   280 |   207 |   394 |   235 |   276 |   344 ||  1993
       Chain mail        |       |       |       |    15 |    66 |       |       |       |       ||    81
Dodge: Dodged            |    13 |    12 |    72 |   132 |   153 |   197 |   228 |   392 |   491 ||  1690
Block: Shield            |    34 |    53 |   185 |   403 |   440 |       |       |       |       ||  1115
       Large shield      |       |       |       |       |   226 |  1194 |  1406 |  1829 |  1638 ||  6293
       Reflection        |       |       |       |       |       |    51 |   146 |   105 |    28 ||   330
       Rpst.: War axe    |       |       |       |       |    16 |       |       |       |       ||    16
       Broad axe         |       |       |       |       |       |    26 |    31 |    49 |    62 ||   168

Table legend:
 A = Non-vault XP
 B = Vault XP
 C = Vault XP percentage of total XP
 D = Non-vault monster count
 E = Vault monster count
 F = Vault count percentage of total count
                 A         B        C        D         E       F
            +---------+---------+-------+---------+---------+-------
      Total |  971992 |  626484 |  39.2 |    1655 |     767 |  31.7
            +---------+---------+-------+---------+---------+-------
        D:1 |      38 |       0 |   0.0 |      20 |       0 |   0.0
        D:2 |     128 |      40 |  23.8 |      11 |       3 |  21.4
        D:3 |     239 |       0 |   0.0 |      16 |       0 |   0.0
        D:4 |     354 |     248 |  41.2 |      15 |       2 |  11.8
        D:5 |     678 |     699 |  50.8 |      24 |       2 |   7.7
        D:6 |     713 |     279 |  28.1 |      19 |       7 |  26.9
        D:7 |    2374 |     224 |   8.6 |      36 |       3 |   7.7
        D:8 |    2787 |    1482 |  34.7 |      36 |       2 |   5.3
        D:9 |     952 |    2706 |  74.0 |      22 |      14 |  38.9
       D:10 |    2079 |     716 |  25.6 |      26 |      18 |  40.9
       D:11 |    4968 |    1159 |  18.9 |      38 |       7 |  15.6
       D:12 |    4704 |    2165 |  31.5 |      21 |       8 |  27.6
       D:13 |    8221 |    1808 |  18.0 |      33 |       2 |   5.7
       D:14 |    9975 |    1403 |  12.3 |      26 |       4 |  13.3
       D:15 |   11707 |    5752 |  32.9 |      32 |       9 |  22.0
     Lair:1 |    2815 |    3330 |  54.2 |      13 |       7 |  35.0
     Lair:2 |    2998 |    2488 |  45.4 |      11 |       7 |  38.9
     Lair:3 |    7089 |    1687 |  19.2 |      28 |       4 |  12.5
     Lair:4 |    3531 |    1393 |  28.3 |      16 |       7 |  30.4
     Lair:5 |    7489 |     457 |   5.8 |      22 |       2 |   8.3
     Lair:6 |   11938 |   15188 |  56.0 |      37 |      35 |  48.6
   Shoals:1 |    9718 |       0 |   0.0 |      21 |       0 |   0.0
   Shoals:2 |   16244 |    5363 |  24.8 |      31 |       8 |  20.5
   Shoals:3 |   17638 |    1116 |   6.0 |      32 |       1 |   3.0
   Shoals:4 |   15396 |   21484 |  58.3 |      34 |      31 |  47.7
    Snake:1 |   25847 |    2134 |   7.6 |      45 |       2 |   4.3
    Snake:2 |   12403 |    4655 |  27.3 |      21 |       8 |  27.6
    Snake:3 |   27433 |    5574 |  16.9 |      50 |      16 |  24.2
    Snake:4 |   24422 |   39524 |  61.8 |      43 |      60 |  58.3
      Orc:1 |    4827 |       0 |   0.0 |      51 |       0 |   0.0
      Orc:2 |    2908 |    5341 |  64.7 |      33 |      38 |  53.5
      Elf:1 |   15430 |    9991 |  39.3 |      23 |      15 |  39.5
      Elf:2 |   11872 |    5241 |  30.6 |      19 |       4 |  17.4
      Elf:3 |   18087 |   36894 |  67.1 |      29 |      24 |  45.3
   Vaults:1 |   24631 |   20123 |  45.0 |      44 |      24 |  35.3
   Vaults:2 |   29308 |   24159 |  45.2 |      50 |      46 |  47.9
   Vaults:3 |   25136 |   18487 |  42.4 |      47 |      28 |  37.3
   Vaults:4 |   62705 |   20826 |  24.9 |      85 |      20 |  19.0
   Vaults:5 |   55857 |  105264 |  65.3 |      75 |      79 |  51.3
   Depths:1 |   39169 |   11990 |  23.4 |      46 |       8 |  14.8
   Depths:2 |   39328 |   29711 |  43.0 |      48 |      36 |  42.9
   Depths:3 |   49438 |   44809 |  47.5 |      70 |      31 |  30.7
   Depths:4 |   75768 |   27306 |  26.5 |      78 |      24 |  23.5
   Depths:5 |   42102 |   63449 |  60.1 |      39 |      53 |  57.6
      Zot:1 |   44271 |    1285 |   2.8 |      21 |       1 |   4.5
      Zot:2 |   51501 |   16983 |  24.8 |      33 |      11 |  25.0
      Zot:3 |   48735 |       0 |   0.0 |      26 |       0 |   0.0
      Zot:4 |   67730 |   28306 |  29.5 |      41 |      15 |  26.8
      Zot:5 |   28311 |   21299 |  42.9 |      18 |       8 |  30.8
      IceCv |       0 |    7767 | 100.0 |       0 |      22 | 100.0
   Gauntlet |       0 |    4179 | 100.0 |       0 |      11 | 100.0
            +---------+---------+-------+---------+---------+-------
